 Dungeon Crawl Stone Soup version 0.31-a0-662-g684573625c (webtiles) character file.

Game seed: 5421684669723752858

2497 jlumianski the Fighter (level 9, -3/36 HPs)
             Began as a Demonspawn Fighter on Sept 2, 2023.
             Was a Believer of Hepliaklqana.
             Slain by an orc warlord
             ... wielding a +3 broad axe
              (25 damage)
             ... in a bailey.
             The game lasted 00:33:12 (6360 turns).

jlumianski the Fighter (Demonspawn Fighter)         Turns: 6360, Time: 00:33:13

Health: -3/36      AC:  2    Str: 20    XL:     9   Next: 28%
Magic:  9/9        EV: 13    Int: 10    God:    Hepliaklqana [**....]
Gold:   431        SH:  9    Dex: 15    Spells: 8/8 levels left

rFire   . . .        a - +1 war axe
rCold   . . .        c - +0 buckler
rNeg    . . .        j - melded +2 plate armour {Will+}
rPois   .            (no helmet)
rElec   .            y - +0 cloak
rCorr   .            (no gloves)
SInv    +            n - +0 pair of boots
Will    ++...        (no amulet)
Stlth   +++          H - +4 ring of slaying
HPRegen 0.26/turn    z - ring of willpower
MPRegen 0.11/turn

%: no passive effects
@: maw-form
A: devouring maw, reduced hp, reduced essence, thin skeletal structure 1,
condensation shield, demonic magic 1, weakness stinger 2, see invisible,
strong-willed 1
a: Begin Untransformation, Renounce Religion, Recall Ancestor, Ancestor Identity


You were in a bailey.
You worshipped Hepliaklqana.
Hepliaklqana was pleased with you.
You were a creature with a mouth for a stomach.
You visited 2 branches of the dungeon, and saw 8 of its levels.
You also visited: Bailey.

You collected 431 gold pieces.

Inventory:

Hand Weapons
 a - a +1 war axe (weapon)
 x - a +2 short sword of draining
 K - the +3 dagger "Jeiqo" {freeze, rPois}
   (You found it on level 5 of the Dungeon)

   rPois:     It protects you from poison
Missiles
 e - 69 stones
 f - 25 poisoned darts (quivered)
 h - a throwing net
 i - 2 curare-tipped darts
 t - 2 atropa-tipped darts
 w - 15 boomerangs
Armour
 b - a +0 scale mail
 c - a +0 buckler (worn)
 j - a +2 plate armour of willpower (melded)
 n - a +0 pair of boots (worn)
 u - a +0 chain mail
 y - a +0 cloak (worn)
Jewellery
 r - a ring of see invisible
 z - a ring of willpower (right hand)
 G - a ring of wizardry
 H - a +4 ring of slaying (left hand)
Talismans
 p - a maw talisman (active)
Wands
 q - a wand of paralysis (3)
 L - a wand of acid (4)
Scrolls
 g - a scroll of immolation {unknown}
 l - a scroll of fear
 m - 5 scrolls of teleportation
 s - 2 scrolls of fog
 v - a scroll of enchant armour {unknown}
 A - a scroll of enchant weapon
 C - a scroll of vulnerability {unknown}
 E - a scroll of blinking
 I - a scroll of poison {unknown}
 J - a scroll of torment {unknown}
Potions
 d - a potion of might
 k - a potion of mutation
 o - 2 potions of attraction
 B - a potion of curing
 D - 3 potions of magic
 F - a potion of haste
 M - a potion of brilliance {unknown}


   Skills:
 + Level 8.9 Fighting
 - Level 2.6 Axes
 - Level 0.8 Throwing
 - Level 3.4 Armour
 * Level 3.8 Dodging
 - Level 2.1 Stealth
 - Level 3.2 Shields
 * Level 5.5 Shapeshifting


You had 8 spell levels left.
You didn't know any spells.
Your spell library contained the following spells:

 Spells                   Type           Power      Damage    Failure   Level
 Call Canine Familiar     Summ           0%         N/A       80%         3
 Portal Projectile        Hex/Tloc       0%         N/A       80%         3
 Leda's Liquefaction      Hex/Erth       0%         N/A       99%         4


Dungeon Overview and Level Annotations

Branches:
Dungeon (7/15)             Temple (1/1) D:4          Bailey (1/1)

Altars:
Ashenzari
Cheibriados
Dithmenos
Gozag
Hepliaklqana
Makhleb
Nemelex Xobeh
Okawaru
Qazlal
Ru
Sif Muna
Trog
Uskayaw
Xom
Yredelemnul

Annotations:
D:6 1 runed translucent door, Shayle's ghost, novice OgSh


Innate Abilities, Weirdness & Mutations

You are a creature with a mouth for a stomach.
Your midsection houses a second, enormous mouth.
Your maximum health is decreased, since you lack skill for your form.
Your life essence is reduced to manifest your ancestor. (-10% HP)
You have a somewhat thin skeletal structure. (Dex +2, Stealth+)
A meltable shield of frost defends you. (SH +4)
Spells you cast may paralyse adjacent enemies.
You have a tail ending in a sharp stinger.
You have supernaturally acute eyesight. (SInv)
You are strong-willed. (Will+)


Message History

Press: ? - help, Shift-Dir - straight line, f/p - orc warlord
Aim: an orc warlord, wielding a +3 broad axe and wearing a +0 chain mail (lightly wounded, ally target, 79% to hit)
The bolt of acid hits the orc warlord!
The orc warlord is moderately wounded.
Aiming: Corrosive Bolt
Press: ? - help, Shift-Dir - straight line, f/p - orc warlord
Aim: an orc warlord, wielding a +3 broad axe and wearing a +0 chain mail (moderately wounded, ally target, 79% to hit)
Æðelind avoids your attack.
The bolt of acid hits the orc warlord!
The acid corrodes the orc warlord!
The orc warlord is heavily wounded. Æðelind barely misses the orc warlord.
Unknown command.
Annotate which branch? (. - Bailey, ? - help, ! - show branch list)
Okay, then.
Unknown command.
Unknown command.
Annotate which branch? (. - Bailey, ? - help, ! - show branch list)
Okay, then.
Unknown command.
Unknown command.
Unknown command.
Unknown command.
Aiming: Corrosive Bolt
Press: ? - help, Shift-Dir - straight line, f/p - orc warlord
Aim: an orc warlord, wielding a +3 broad axe and wearing a +0 chain mail (heavily wounded, covered in acid, ally target, 79% to hit)
Æðelind avoids your attack.
The bolt of acid misses the orc warlord.
The orc warlord hits Æðelind with a +3 broad axe!! Æðelind hits the orc warlord with a +0 quarterstaff!
The orc warlord hits Æðelind with a +3 broad axe!! Æðelind is destroyed!
You slash the orc!
You devour the orc!
You feel better.
You kill the orc!
The orc warlord hits you with a +3 broad axe!
You hit the orc warlord. You tail-slap the orc warlord.
You bite the orc warlord!
The orc warlord is severely wounded.
The orc warlord hits you with a +3 broad axe!!
Ouch! That really hurt!
You die...

##......####...####......##
♣##....##~~#####~~##....##♣
♣.##...#~)?8...8?|~#...##.♣
♣♣..###'#~.........~#'###..♣♣
♣...~~~.#~..8...8..~#.~~~...♣
♣♣...~~~.##.........##.~~~...♣♣
♣∩...~~~.#~....∩....~#.)~~...∩♣
♣♣...~~~.#~....o....~#.~~~...♣♣
♣...~)).#~~.8.W.8.~~#.~~~...♣
♣♣..###'###.......###'###..♣♣
♣.##....#~.8...8.~#....##.♣
♣##.....#~~~§§§~~~#.....##♣
##......####~~§####.)....##
#...8......#§§§#......8...#
#..........§§..)§†).......#
#..........§.§§.§)........#
##..8..8...§§§§§§..8..8..##


You could see an orc warlord (corroded).

Vanquished Creatures
  Grinder (D:6)
  A wyvern (D:5)
  Edmund (D:5)
  Duvessa (D:6)
  An ice beast (D:4)
  A sky beast (D:7)
  An orc warrior (D:5)
  2 ogres
  2 kobold brigands
  Blork the orc (D:4)
  3 bullfrogs
  Dowan (D:6)
  3 jellies
  A howler monkey (D:4)
  4 hounds
  An orc priest (D:6)
  Jessica (D:2)
  An iguana (D:6)
  5 orc wizards
  3 sleepcaps
  5 gnolls
  6 adders
  A white imp (D:5)
  A worm (D:2)
  A dart slug (D:2)
  11 orcs
  9 ball pythons
  6 endoplasms
  4 giant cockroaches (D:1)
  13 goblins
  9 hobgoblins
  3 jackals (D:1)
  6 quokkas
  3 bats
  2 frilled lizards (D:1)
  17 kobolds
  6 rats
138 creatures vanquished.

Vanquished Creatures (collateral kills)
  2 orc warriors (Bailey)
  A hound (D:6)
  An iguana (D:5)
  5 orcs
  A hobgoblin (D:7)
  5 kobolds
  A ball python (D:7)
16 creatures vanquished.

Vanquished Creatures (others)
  A battlemage (Bailey)
  2 ancestors
3 creatures vanquished.

Grand Total: 157 creatures vanquished

Notes
Turn   | Place    | Note
-------+----------+-------------------------------------------
     0 | D:1      | jlumianski the Demonspawn Fighter began the quest for the
                  | Orb.
     0 | D:1      | Reached XP level 1. HP: 18/18 MP: 1/1
   200 | D:1      | Gained mutation: You have a somewhat thin skeletal
                  | structure. (Dex +2, Stealth+) [demonic ancestry]
   200 | D:1      | Reached XP level 2. HP: 24/24 MP: 2/2
   925 | D:1      | Gained mutation: You have a small tail. [demonic ancestry]
   925 | D:1      | Reached XP level 3. HP: 29/29 MP: 3/3
  1199 | D:3      | Found a faded altar of an unknown god.
  1388 | D:2      | Noticed Jessica
  1399 | D:2      | Killed Jessica
  1400 | D:2      | Gained mutation: You have a tail ending in a sharp stinger.
                  | [demonic ancestry]
  1400 | D:2      | Reached XP level 4. HP: 28/35 MP: 4/4
  2644 | D:3      | Reached skill level 1 in Shapeshifting
  2734 | D:3      | Gained mutation: A meltable shield of frost defends you.
                  | (SH +4) [demonic ancestry]
  2734 | D:3      | Reached XP level 5. HP: 41/41 MP: 5/5
  2952 | D:5      | Entered Level 5 of the Dungeon
  2960 | D:5      | Noticed Blork the orc
  2969 | D:4      | Reached skill level 1 in Stealth
  3129 | D:4      | Found a staircase to the Ecumenical Temple.
  3145 | Temple   | Entered the Ecumenical Temple
  3169 | Temple   | Became a worshipper of Hepliaklqana the Forgotten
  3250 | D:5      | Noticed an ogre
  3251 | D:5      | Noticed a wyvern
  3260 | D:4      | Reached skill level 1 in Dodging
  3366 | D:4      | Reached XP level 6. HP: 37/48 MP: 6/6
  3489 | D:4      | Reached skill level 4 in Fighting
  3733 | D:5      | Noticed Edmund
  4267 | D:4      | Gained mutation: Spells you cast may paralyse adjacent
                  | enemies. [demonic ancestry]
  4267 | D:4      | Reached XP level 7. HP: 55/55 MP: 7/7
  4299 | D:4      | Gained mutation: You expend magic power (3 MP) to
                  | strengthen your wands. [potion of mutation]
  4299 | D:4      | Gained mutation: You have supernaturally acute eyesight.
                  | (SInv) [potion of mutation]
  4299 | D:4      | Lost mutation: You expend magic power (3 MP) to strengthen
                  | your wands. [potion of mutation]
  4299 | D:4      | Gained mutation: You are strong-willed. (Will+) [potion of
                  | mutation]
  4425 | D:4      | Killed Blork the orc
  4426 | D:4      | Reached skill level 5 in Fighting
  4590 | D:5      | Killed a wyvern
  4674 | D:5      | Reached skill level 6 in Fighting
  4674 | D:5      | Reached XP level 8. HP: 50/64 MP: 8/8
  4734 | D:5      | Reached * piety under Hepliaklqana
  4876 | D:6      | Noticed Duvessa
  4876 | D:6      | Noticed Dowan
  5086 | D:5      | Killed Edmund
  5149 | D:6      | Reached skill level 7 in Fighting
  5238 | D:5      | Identified the +3 dagger "Jeiqo" {freeze, rPois}
  5346 | D:5      | Found a shimmering blue altar of Sif Muna.
  5442 | D:6      | Found a runed translucent door.
  5443 | D:6      | Noticed Shayle's ghost (novice OgSh)
  5710 | D:6      | Killed Duvessa
  5711 | D:6      | Reached skill level 5 in Shapeshifting
  5714 | D:6      | Killed Dowan
  5829 | D:7      | Found a shimmering altar of Xom.
  5829 | D:7      | Found a bloodstained altar of Trog.
  5847 | D:7      | Reached skill level 8 in Fighting
  5916 | D:7      | Reached XP level 9. HP: 26/66 MP: 9/9
  5919 | D:7      | Found a sacrificial altar of Ru.
  5950 | D:6      | Noticed Grinder
  5961 | D:6      | Killed Grinder
  6080 | D:7      | Found a flagged portal.
  6080 | D:7      | Found the +4 consecrated labrys {holy, Valiant Fragile Fly
                  | SInv}
  6098 | Bailey   | Entered a bailey
  6107 | Bailey   | Noticed an orc warlord
  6160 | Bailey   | Reached ** piety under Hepliaklqana
  6161 | Bailey   | Remembered your ancestor Æðelind as a battlemage
  6169 | Bailey   | Found a runed translucent gate.
  6169 | Bailey   | Found a runed translucent gate.
  6169 | Bailey   | Found a runed translucent gate.
  6360 | Bailey   | Slain by an orc warlord

Illustrated notes

Levels and vault maps discovered:
D:1:      dpeg_arrival_signposts, layout_loops_corners, serial_aquarium,
          aquarium_bridge_island_small [aquarium_subvault_small_open,
          aquarium_subvault_bridge, aquarium_subvault_bridge,
          aquarium_subvault_balcony, aquarium_subvault_wall],
          aquarium_window_corner, aquarium_window_corner, aquarium_window_fake,
          aquarium_view_2d, aquarium_view_2c, nrook_loot_triangle
D:2:      layout_basic, minmay_goblin_outpost, uniq_jessica
D:3:      layout_basic, nicolae_ecumenical_pavilion,
          amcnicky_mini_corridor_feature
D:4:      minmay_chambers_of_fours, layout_basic, minmay_temple_entry_mist
D:5:      layout_rooms, kennysheep_orc_sif_temple, uniq_blork_the_orc,
          uniq_edmund
D:6:      layout_loops_ring, gammafunk_ghost_grave, uniq_grinder, uniq_duvessa,
          uniq_pikel
D:7:      layout_basic, nicolae_ru_great_annihilating_truth,
          nicolae_overflow_squiral, enter_bailey_2
Temple:   nicolae_temple_ecumenical_triangle
Bailey:   bailey_axe_bossmonster_kennysheep, bailey

Skill      XL: |  1  2  3  4  5  6  7  8 |
---------------+-------------------------+-----
Shields        | 3 |  3.2
Axes           | 2 |  2.6
Armour         | 3 |  3.4
Shapeshifting  | 1 2 3 4 5 |  5.5
Stealth        | 1 2 |  2.1
Dodging        | 1 2 3 |  3.8
Fighting       | 4 6 8 |  8.9
Throwing       | |  0.8

Action                     |  1- 3 |  4- 6 |  7- 9 || total
---------------------------+-------+-------+-------++-------
  Melee: War axe           |    88 |   165 |   171 ||   424
         Tailslap          |     7 |    16 |    34 ||    57
         Maw               |       |       |    12 ||    12
  Throw: Dart              |     1 |     5 |    10 ||    16
 Invoke: Recall Ancestor   |       |       |     1 ||     1
         Ancestor Life: Ba |       |       |     1 ||     1
  Evoke: Wand              |       |       |     7 ||     7
    Use: Potion            |       |     4 |     3 ||     7
         Scroll            |       |     1 |     6 ||     7
   Stab: Sleeping          |       |     1 |     2 ||     3
         Paralysed         |       |       |     9 ||     9
 Armour: Scale mail        |    61 |    31 |       ||    92
         Chain mail        |       |    33 |       ||    33
         Plate armour      |       |    72 |    95 ||   167
         Skin              |       |       |    30 ||    30
  Dodge: Dodged            |    39 |    53 |    37 ||   129
  Block: Buckler           |    23 |    70 |    79 ||   172
   Form: Maw               |       |       |     2 ||     2
                           |       |       |     1 ||     1

Table legend: (Time is in decaauts)
 A = Elapsed time spent in this place.
 B = Non-inter-level travel time spent in this place.
 C = Inter-level travel time spent in this place.
 D = Time resting spent in this place.
 E = Time spent auto-exploring this place.
 F = Levels seen in this place.
 G = Mean time per level.
                   A        B        C        D        E       F      G
               +--------+--------+--------+--------+--------+-----+--------+
         Total |   6561 |   6445 |    116 |   1040 |   2807 |   9 |  729.0 |
       Dungeon |   6245 |   6129 |    116 |   1040 |   2751 |   7 |  892.1 |
        Temple |     41 |     41 |      0 |      0 |      0 |   1 |   41.0 |
        Bailey |    274 |    274 |      0 |      0 |     55 |   1 |  274.0 |
               +--------+--------+--------+--------+--------+-----+--------+

Top non-repeatable levels by time:
     D:4: 1812 daAuts
     D:1: 1070 daAuts
     D:3: 1067 daAuts
     D:5: 981 daAuts
     D:2: 738 daAuts
     D:6: 339 daAuts
  Bailey: 274 daAuts
     D:7: 235 daAuts
  Temple: 41 daAuts
